 Dungeon Crawl Stone Soup version 0.27.0-1-g7a089689b8 (webtiles) character file.

Game seed: 11006569491953688494

8 Spectrina the Magician (level 2, -2/21 HPs)
             Began as a Djinni Necromancer on Aug 16, 2021.
             Was an Initiate of Ashenzari.
             Slain by a jackal (3 damage)
             ... on level 4 of the Dungeon.
             The game lasted 00:01:54 (227 turns).

Spectrina the Magician (Djinni Necromancer)          Turns: 227, Time: 00:01:55

Health: -2/21      AC:  2    Str:  7    XL:     2   Next: 15%
Gold:   35         EV: 12    Int: 16    God:    Ashenzari [......] SH:  0 Dex: 13

rFire    + + .     SeeInvis .   (no weapon)
rCold    x . .     Faith    .   (no shield)
rNeg     . . .     Spirit   .   a - +0 robe
rPois    ∞         Reflect  .   (no helmet)
rElec    .         Harm     .   (no cloak)
rCorr    .         Rampage  .   (no gloves)
Will     .....                  (boots unavailable)
Stlth    ++........             (no amulet)
HPRegen  0.07/turn              (no ring)
MPRegen  0.00/turn              (no ring)

@: flying
A: sickness immunity, fire resistance 2, cold vulnerability 1, float, innate
caster, hp casting, extra vitality 1
a: Renounce Religion


You were on level 4 of the Dungeon.
You worshipped Ashenzari.
Ashenzari was noncommittal.
You visited 1 branch of the dungeon, and saw 4 of its levels.

You collected 35 gold pieces.

Inventory:

Missiles
 b - 36 stones
Armour
 a - a +0 robe (worn)
Potions
 c - a potion of cancellation


   Skills:
 - Level 2.1 Dodging
 - Level 1.5 Stealth
 + Level 3.6 Spellcasting


You couldn't memorise any spells.
You knew the following spells:

 Your Spells              Type           Power      Damage    Failure   Level
a - Pain                  Necr           56%        1d6       4%          1
b - Animate Skeleton      Necr           28%        N/A       4%          1
c - Vampiric Draining     Necr           7%         2d7       12%         3
d - Animate Dead          Necr           7%         N/A       36%         4
e - Agony                 Necr           14%        N/A       73%         5
Your spell library was empty.

Dungeon Overview and Level Annotations

Branches:
Dungeon (4/15)
 Temple: D:4-7

Altars:
Ashenzari


Innate Abilities, Weirdness & Mutations

You are immune to sickness and miasma.
You are immune to poison.
Your flesh is very heat resistant. (rF++)
You are vulnerable to cold. (rC-)
You float through the air rather than walking.
You learn spells naturally, not from books.
Your magical power is your life essence.
You have superior vitality. (+4 HP)


Message History

Okay, then.
Casting: Pain (safe; 4% risk of failure)
Confirm with . or Enter, or press ? or * to list all spells.
Aiming: Pain (safe; 4% risk of failure)
Press: ? - help, Shift-Dir - straight line, f - jackal
Aim: a jackal (asleep, chance to affect: 85%)
The jackal writhes in agony.
* * * LOW HITPOINT WARNING * * *
Unknown command.
Unknown command.
Casting: Pain (safe; 4% risk of failure)
Confirm with . or Enter, or press ? or * to list all spells.
Aiming: Pain (safe; 4% risk of failure)
Press: ? - help, Shift-Dir - straight line, f - jackal
Aim: a jackal (asleep, chance to affect: 85%)
The jackal writhes in agony.
* * * LOW HITPOINT WARNING * * *
The jackal bites you.
* * * LOW HITPOINT WARNING * * *
Unknown command.
Casting: Pain (safe; 4% risk of failure)
Confirm with . or Enter, or press ? or * to list all spells.
Okay, then.
Okay, then.
Unknown command.
Casting: Pain (safe; 4% risk of failure)
Confirm with . or Enter, or press ? or * to list all spells.
Aiming: Pain (safe; 4% risk of failure)
Press: ? - help, Shift-Dir - straight line, f/p - jackal
Aim: a jackal (almost dead, chance to affect: 85%)
The jackal writhes in agony.
You kill the jackal!
* * * LOW HITPOINT WARNING * * *
Unknown command.
A scorpion and a skeleton come into view.
Found a stone staircase leading down.
Unknown command.
A black bear comes into view.
The jackal bites you.
You die...

.... .... #. h..
###.# .. #....
#.### #.... ...
#.....######.##
#...........@.#
#....########h#
#..[.<........#
#....########..#
#.... ......
#.... .#..Z...
#.... #. #.s.##
#.... ## .....
+.... .>...


You could see a black bear (asleep), a scorpion, a jackal and an adder skeleton
(dormant).

Vanquished Creatures
  A bat (D:2)
  An endoplasm (D:1)
  A giant cockroach (D:2)
  A jackal (D:4)
  A quokka (D:3)
  2 rats
7 creatures vanquished.

Notes
Turn   | Place    | Note
-------+----------+-------------------------------------------
     0 | D:1      | Spectrina the Djinni Necromancer began the quest for the
                  | Orb.
     0 | D:1      | Reached XP level 1. HP: 15/15 MP: 0/0
    89 | D:3      | Found a broken altar of Ashenzari.
   160 | D:3      | Became a worshipper of Ashenzari the Shackled
   192 | D:3      | Reached XP level 2. HP: 4/21 MP: 0/0
   217 | D:4      | HP: 1/21 [jackal (1)]
   224 | D:4      | Noticed a scorpion
   226 | D:4      | Noticed a black bear
   227 | D:4      | Slain by a jackal

Illustrated notes

Levels and vault maps discovered:
D:1:      minmay_arrival_open_corners, layout_loops_cross,
          basic_ecumenical_altar, minmay_crystal_room, minmay_heptomino_l4
D:2:      layout_basic, minmay_worlds_worst_comb
D:3:      minmay_door_path, layout_basic, ashenzari_conservatory_becter,
          mainiacjoe_overflow_concentric_impassable, kennysheep_generic_room_8
D:4:      layout_basic, mainiacjoe_overflow_alcove_2,
          mainiacjoe_overflow_small_starburst, minmay_box_of_dots

Action                   || total
-------------------------++-------
 Cast: Pain              ||    14
